 Dungeon Crawl Stone Soup version 0.21.1-1-g345015fe64 (webtiles) character file.

56 Hercules1031 the Shield-Bearer (level 3, -1/35 HPs)
             Began as a Gnoll Fighter on June 23, 2018.
             Killed by divine providence
             ... invoked by an orc priest
              (14 damage)
             ... on level 3 of the Dungeon.
             The game lasted 00:04:44 (1294 turns).

Hercules1031 the Shield-Bearer (Gnoll Fighter)      Turns: 1294, Time: 00:04:45

Health: -1/35      AC:  9    Str: 19    XL:     3   Next: 95%
Magic:  13/13      EV:  8    Int: 10    God:
Gold:   97         SH: 10    Dex: 14    Spells: 4/4 levels left

rFire    . . .     SeeInvis .   a - +0 war axe
rCold    . . .     Gourm    .   c - +0 shield
rNeg     . . .     Faith    .   b - +0 scale mail
rPois    .         Spirit   .   (no helmet)
rElec    .         Reflect  .   (no cloak)
rCorr    .         Harm     .   (no gloves)
MR       .....                  m - +0 pair of boots
Stlth    ..........             (no amulet)
HPRegen  0.11/turn              k - ring of magical power
MPRegen  0.13/turn              (no ring)

@: no status effects
A: distributed training, fangs 1, strong nose
a: no special abilities


You were on level 3 of the Dungeon.
You were not hungry.

You visited 1 branch of the dungeon, and saw 3 of its levels.

You collected 97 gold pieces.

Inventory:

Hand Weapons
 a - a +0 war axe (weapon)
Armour
 b - a +0 scale mail (worn)
 c - a +0 shield (worn)
 m - a +0 pair of boots (worn)
 o - a +0 shield
Jewellery
 k - a ring of magical power (left hand)
Scrolls
 e - a scroll of enchant armour {unknown}
 g - 5 scrolls of identify {unknown}
 i - 3 scrolls of teleportation {unknown}
 j - a scroll of magic mapping {unknown}
 n - a scroll of fear {unknown}
Potions
 d - a potion of might
 h - a potion of mutation {unknown}
 l - 2 potions of curing
Comestibles
 f - 6 rations


   Skills:
 + Level 6.5 Fighting
 + Level 1.0 Short Blades
 + Level 1.0 Long Blades
 + Level 4.6 Axes
 + Level 1.0 Maces & Flails
 + Level 1.0 Polearms
 + Level 1.0 Staves
 + Level 1.0 Slings
 + Level 1.0 Bows
 + Level 1.0 Crossbows
 + Level 1.0 Throwing
 + Level 6.5 Armour
 + Level 1.0 Dodging
 + Level 1.0 Stealth
 + Level 6.5 Shields
 + Level 1.0 Unarmed Combat
 + Level 1.0 Spellcasting
 + Level 0.7 Conjurations
 + Level 0.7 Hexes
 + Level 0.7 Charms
 + Level 0.7 Summonings
 + Level 0.7 Necromancy
 + Level 0.7 Translocations
 + Level 0.7 Transmutations
 + Level 0.7 Fire Magic
 + Level 0.7 Ice Magic
 + Level 0.7 Air Magic
 + Level 0.7 Earth Magic
 + Level 0.7 Poison Magic
 + Level 1.0 Invocations
 + Level 1.0 Evocations


You had 4 spell levels left.
You didn't know any spells.

Dungeon Overview and Level Annotations

Branches:
Dungeon (3/15)

Altars:
Kikubaaqudgha


Innate Abilities, Weirdness & Mutations

Your experience applies equally to all skills.
You have very sharp teeth.
Your uncanny sense of smell can sniff out nearby items.


Message History

You block the orc priest's attack.
You closely miss the orc priest. You hit the orc priest.
The orc priest calls down the wrath of Beogh upon you.
Beogh smites you!
The orc priest calls upon Beogh to heal the orc priest.
The orc priest's wounds heal themselves!
You hit the orc priest but do no damage.
You bite the orc priest.
The orc priest is lightly wounded.
You hit the orc priest. You hit the kobold.
You block the orc priest's attack. x2
The kobold hits you but does no damage. The orc priest closely misses you.
You completely miss the orc priest. You bite the orc priest.
The orc priest is moderately wounded.
You barely miss the kobold. You closely miss the orc priest.
You hit the kobold.
You kill the kobold!
The orc priest closely misses you. You block the kobold's attack.
The orc priest mumbles some strange prayers to Beogh against you.
Beogh smites you!
You die...

##...........
............
#...........
#...........
#...(.......
#...........
#..goK<.....
###..)@oo.....
#.....#####...
#.###.# # #(#
#(# .. #(# .#
##.#########.##
#.............#
#.............#


You could see 3 orc priests, a goblin and a kobold.

Vanquished Creatures
  2 adders (D:2)
  A dart slug (D:1)
  An orc (D:3)
  A giant cockroach (D:1)
  5 goblins
  4 hobgoblins
  2 jackals (D:1)
  6 kobolds
  3 bats (D:1)
  7 frilled lizards
  5 rats
37 creatures vanquished.

Notes
Turn   | Place    | Note
-------+----------+-------------------------------------------
     0 | D:1      | Hercules1031 the Gnoll Fighter began the quest for the Orb.
     0 | D:1      | Reached XP level 1. HP: 23/23 MP: 1/1
    81 | D:1      | Reached XP level 2. HP: 28/29 MP: 2/2
   650 | D:1      | Reached XP level 3. HP: 35/35 MP: 3/3
   772 | D:2      | Found an ancient bone altar of Kikubaaqudgha.
  1204 | D:2      | Reached skill level 1 in Invocations
  1287 | D:3      | Reached skill level 1 in Short Blades
  1287 | D:3      | Reached skill level 1 in Long Blades
  1287 | D:3      | Reached skill level 1 in Maces & Flails
  1287 | D:3      | Reached skill level 1 in Polearms
  1287 | D:3      | Reached skill level 1 in Staves
  1287 | D:3      | Reached skill level 1 in Slings
  1287 | D:3      | Reached skill level 1 in Bows
  1287 | D:3      | Reached skill level 1 in Crossbows
  1287 | D:3      | Reached skill level 1 in Throwing
  1287 | D:3      | Reached skill level 1 in Dodging
  1287 | D:3      | Reached skill level 1 in Stealth
  1287 | D:3      | Reached skill level 1 in Unarmed Combat
  1287 | D:3      | Reached skill level 1 in Spellcasting
  1287 | D:3      | Reached skill level 1 in Evocations
  1294 | D:3      | Killed from afar by an orc priest

Skill      XL: |  1  2  3 |
---------------+----------+-----
Invocations    | 1 |  1.0
Short Blades   | 1 |  1.0
Long Blades    | 1 |  1.0
Maces & Flails | 1 |  1.0
Polearms       | 1 |  1.0
Staves         | 1 |  1.0
Slings         | 1 |  1.0
Bows           | 1 |  1.0
Crossbows      | 1 |  1.0
Throwing       | 1 |  1.0
Dodging        | 1 |  1.0
Stealth        | 1 |  1.0
Unarmed Combat | 1 |  1.0
Spellcasting   | 1 |  1.0
Evocations     | 1 |  1.0
Fighting       | |  6.5
Axes           | |  4.6
Armour         | |  6.5
Shields        | |  6.5
Conjurations   | |  0.7
Hexes          | |  0.7
Charms         | |  0.7
Summonings     | |  0.7
Necromancy     | |  0.7
Translocations | |  0.7
Transmutations | |  0.7
Fire Magic     | |  0.7
Ice Magic      | |  0.7
Air Magic      | |  0.7
Earth Magic    | |  0.7
Poison Magic   | |  0.7

Action                   || total
-------------------------++-------
Melee: War axe           ||    84
       Bite              ||     7
  Use: Potion            ||     2
  Eat: Ration            ||     1
Armor: Scale mail        ||    42
Dodge: Dodged            ||    33
Block: Shield            ||    57
